 Dungeon Sprint DCSS version 0.29-a0-297-g7659ce593d (webtiles) character file.

Game seed: 6808598209664164232

900000 namelastname112 the Skirmisher (level 1, -20/18 HPs)
             Began as a Demonspawn Berserker on Mar 20, 2022.
             Was an Initiate of Makhleb.
             Demolished by a meat berserker
             ... wielding a +9 battleaxe
              (38 damage)
             ... in the Dungeon (Sprint VIII: "Arena of Blood").
             The game lasted 00:00:19 (9 turns).

namelastname112 the Skirmisher (Demonspawn Berserker)  Turns: 9, Time: 00:00:20

Health: -20/18     AC:  2    Str: 17    XL:     1   Next: 0%
Magic:  1/1        EV: 12    Int:  8    God:    Makhleb [......]
Gold:   0          SH:  0    Dex: 12    Spells: 0/0 levels left

rFire   . . .      SeeInvis .   i - +∞ Axe of Woe
rCold   . . .      Faith    .   (shield currently unavailable)
rNeg    . . .      Spirit   .   b - +0 animal skin
rPois   .          Reflect  .   (no helmet)
rElec   .          Harm     .   (no cloak)
rCorr   .          Rampage  .   (no gloves)
Will    .....      NoTele   +   (no boots)
Stlth   +.........              (no amulet)
HPRegen 0.06/turn               (no ring)
MPRegen 0.07/turn               (no ring)

@: no status effects
A: no striking features
a: Renounce Religion


You were in the Dungeon.
You worshipped Makhleb.
Makhleb was noncommittal.
You visited 1 branch

Inventory:

Hand Weapons
 a - a +0 hand axe
 i - the +∞ Axe of Woe (weapon)
   (You found it in the Dungeon)
Armour
 b - a +0 animal skin (worn)
Scrolls
 h - a scroll of blinking
Potions
 c - a potion of curing
 d - a potion of heal wounds
 e - a potion of haste
 f - 2 potions of magic
 g - a potion of berserk rage


   Skills:
 + Level 3.0 Fighting
 + Level 2.6 Axes
 + Level 1.7 Armour
 + Level 1.7 Dodging


You couldn't memorise any spells.
You didn't know any spells.
Your spell library was empty.

Dungeon Overview and Level Annotations

Branches:
Dungeon (1/1)

Altars:
Makhleb


Message History

-- -- -- Vessel of Makhleb, -- -- You are the unmaker, -- -- You bring the rapture, -- -- The murmurs of the thralls rise!!! -- -- The theatre of blood begins! -- -- -- ------------------------------------------------------------------------------ ------------------------------------------------------------------------------ Welcome, namelastname112 the Demonspawn Berserker!
Trog says: RIP AND TEAR!!!
Press ? for a list of commands and other information!
Found the +∞ Axe of Woe!
Found four burning altars of Makhleb!
Found a staircase leading out of the dungeon!
Unknown command!
i - the +∞ Axe of Woe You hear a shout!!! x5
A bag of meat comes into view! It is wielding a +9 war axe!
The bag of meat shouts!!!
You hear a shout!!! x10
A bag of meat comes into view! It is wielding a +9 war axe!
You hear a shout!!! x3
There is a burning altar of Makhleb here!
You kneel at the altar of Makhleb!
You have lost your religion!!!
Trog does not appreciate desertion!!!
Makhleb welcomes you!!!
The bag of meat shouts!!!
You hear a shout!!! x5
A bag of meat comes into view! It is wielding a +9 war axe!
i - the +∞ Axe of Woe (weapon)
You hear a shout!!!
You hear a shout!!! x6
A bag of meat comes into view! It is wielding a +9 war axe!
The bag of meat shouts!!!
You hear a shout!!! x7
A meat berserker comes into view! It is wielding a +9 BATTLEAXE!
You hear a shout!!!
You hear a shout!!! x2
A meat berserker comes into view! It is wielding a +9 BATTLEAXE!
You hear a shout!!! x11
You chop the bag of meat into pieces! x2
You annihilate the bag of meat!!!
Makhleb roars: ANNIHILATED!
The bag of meat appears out of thin air!!!
A bag of meat comes into view! It is wielding a +9 war axe!
The bag of meat shouts!!!
You hear a shout!!! x6
The meat berserker hits you with a +9 BATTLEAXE!!!!!!!!!
DANG rip

......... ......
#.......# ......
#.......# ......
.###.. ....###......
......###......O....
......_....o.......
#.....#)oO....#.
#_.<._#.@.......
.#.....#.o....#.#
......_............
......###.o.......#.
.###.. ....###......
#.......# ......
#.......# ......
......... ......
......... ...


You could see 2 meat berserkers and 4 bags of meat.

Vanquished Creatures
  An orc (D)
1 creature vanquished.

Notes
Turn   | Place    | Note
-------+----------+-------------------------------------------
     0 | D        | Found the +∞ Axe of Woe
     0 | D        | namelastname112 the Demonspawn Berserker began the quest
                  | for the Orb.
     0 | D        | Reached XP level 1. HP: 18/18 MP: 1/1
     1 | D        | Noticed a bag of meat
     2 | D        | Noticed a bag of meat
     3 | D        | Fell from the grace of Trog
     3 | D        | Became a worshipper of Makhleb the Destroyer
     3 | D        | Noticed a bag of meat
     5 | D        | Noticed a bag of meat
     6 | D        | Noticed a meat berserker
     7 | D        | Noticed a meat berserker
     9 | D        | Killed a bag of meat
     9 | D        | Noticed a bag of meat
     9 | D        | Demolished by a meat berserker

Illustrated notes

Levels and vault maps discovered:
D:        meatsprint

Action                   || total
-------------------------++-------
Melee: Executioner's axe ||     1

Table legend: (Time is in decaauts)
 A = Elapsed time spent in this place.
 B = Non-inter-level travel time spent in this place.
 C = Inter-level travel time spent in this place.
 D = Time resting spent in this place.
 E = Time spent auto-exploring this place.
 F = Levels seen in this place.
 G = Mean time per level.
                   A        B        C        D        E       F      G
               +--------+--------+--------+--------+--------+-----+--------+
         Total |      8 |      8 |      0 |      0 |      0 |   1 |    8.0 |
       Dungeon |      8 |      8 |      0 |      0 |      0 |   1 |    8.0 |
               +--------+--------+--------+--------+--------+-----+--------+

Top non-repeatable levels by time:
       D: 8 daAuts
